AoeStats
← B4DILCAN

Lombardia

509139980Analyzed
3v3 RM · 5d ago on Sep 25, 2026· 24m 33s· 6 players
Game mode
Random Map
Map size
Normal (6 player)
Population
200
Speed
Normal
Resources
Standard
Victory
Conquest
Starting age
Dark Age
Ending age
Imperial Age
RankedLock teamsTeams togetherTeam positionsShared explorationLock speedFull tech treeHidden civsTurbo modeCheats
Victory
Defeat
🇨🇴 Magyars · Colombia
1251
+15
🇦🇷 Persians · Argentina
1203
+17
🇨🇭 Goths · Switzerland
1187
+18
🇹🇷 Danes · Türkiye
1247
-17
🇹🇷 Varangians · Türkiye
1243
-17
🇹🇷 Saxons · Türkiye
1207
-16
sr.castillo
6:27 Loom
8:55 Feudal Age
9:31 Double-Bit Axe
16:53 Horse Collar
19:29 Castle Age
18:35 Bloodlines
18:32 Scale Barding Armor
20:52 Chain Barding Armor
20:44 Husbandry
20:49 Gold Mining
1
8:17 Feudal Age
7:49 Loom
8:45 Double-Bit Axe
16:19 Wheelbarrow
20:42 Castle Age
19:17 Forging
19:47 Bloodlines
19:19 Horse Collar
20:07 Gold Mining
20:37 Scale Barding Armor
20:29 Light Cavalry
21:23 Bow Saw
24:26 Husbandry
noob.dogg
2:57 Loom
11:25 Feudal Age
11:59 Horse Collar
12:12 Double-Bit Axe
14:40 Scale Barding Armor
16:30 Forging
17:26 Horse Collar
20:21 Wheelbarrow
23:32 Castle Age
23:45 Scale Mail Armor
23:55 Gold Mining
24:40 Bow Saw
24:32 Heavy Plow
24:15 Light Cavalry
B4DILCAN
6:30 Loom
9:15 Feudal Age
9:31 Man-at-Arms
10:36 Double-Bit Axe
20:02 Castle Age
17:49 Horse Collar
19:14 Scale Mail Armor
20:15 Pikeman
21:14 Chain Mail Armor
21:09 Forging
21:13 Bow Saw
21:43 Squires
21:30 Arson
yhyalpakcy
6:58 Loom
9:24 Feudal Age
10:56 Wheelbarrow
14:12 Double-Bit Axe
17:05 Town Watch
18:56 Horse Collar
26:19 Castle Age
bjkorhanertugrul
4:57 Loom
10:02 Feudal Age
10:33 Double-Bit Axe
11:07 Man-at-Arms
19:10 Wheelbarrow
21:28 Horse Collar
26:08 Castle Age
Connection lost

Rejoining the realm…

Still unreachable

The connection could not be restored.

Session expired

The server has moved on; the page needs a fresh start.